 Dungeon Crawl Stone Soup version 0.30-a0-6-g7c9e10e132 (webtiles) character file.

Game seed: 5000107753076421700

5 fingers the Insei (level 1, 0/13 HPs)
             Began as an Octopode Transmuter on Aug 22, 2022.
             Frozen to death by an endoplasm (3 damage)
             ... on level 1 of the Dungeon.
             The game lasted 00:00:36 (48 turns).

fingers the Insei (Octopode Transmuter)               Turns: 48, Time: 00:00:37

Health: 0/13       AC:  1    Str:  9    XL:     1   Next: 80%
Magic:  3/3        EV: 13    Int: 15    God:
Gold:   0          SH:  0    Dex: 12    Spells: 3/4 levels left

rFire   . . .      SeeInvis .      - Unarmed
rCold   . . .      Faith    .    (no shield)
rNeg    . . .      Spirit   .    (helmet restricted)
rPois   .          Reflect  .    (no amulet)
rElec   .          Harm     .    (no ring)
rCorr   .          Rampage  .    (no ring)
Will    .....                    (no ring)
Stlth   ++........               (no ring)
HPRegen 0.04/turn                (no ring)
MPRegen 0.08/turn                (no ring)
                                 (no ring)
                                 (no ring)

@: no status effects
A: almost no armour, amphibious, 8 rings, camouflage 1, gelatinous body 1,
(nimble swimmer 1), tentacles
a: no special abilities


You were on level 1 of the Dungeon.
You visited 1 branch of the dungeon, and saw 1 of its levels.

Inventory:

Scrolls
 b - a scroll of identify {unknown}
Potions
 a - a potion of lignification


   Skills:
 + Level 1.1 Fighting
 + Level 2.1 Dodging
 + Level 3.0 Unarmed Combat
 + Level 2.0 Spellcasting
 + Level 2.1 Transmutations


You had 3 spell levels left.
You knew the following spells:

 Your Spells              Type           Power      Damage    Failure   Level
a - Beastly Appendage     Tmut           14%        N/A       10%         1

Your spell library contained the following spells:

 Spells                   Type           Power      Damage    Failure   Level
 Wereblood                Tmut           7%         N/A       14%         2
 Spider Form              Tmut/Pois      4%         N/A       41%         3
 Ice Form                 Ice/Tmut       4%         N/A       82%         4


Dungeon Overview and Level Annotations

Branches:
Dungeon (1/15)

Altars:


Innate Abilities, Weirdness & Mutations

You cannot wear most types of armour.
You are amphibious.
You can wear up to eight rings at the same time.
Your skin changes colour to match your surroundings (Stealth+).
Your rubbery body absorbs attacks. (AC +1, EV +1)
((You are camouflaged when in or above water. (Stealth+)))
You have tentacles for arms and can constrict up to eight enemies at once.


Message History

You constrict the hobgoblin. You tentacle-slap the hobgoblin.
You kill the hobgoblin!
A hobgoblin comes into view.
Found a scroll labelled MOMNUSAMESCH.
One of your tentacles grows a vicious spike.
You closely miss the hobgoblin. Your grab misses the hobgoblin.
You pierce the hobgoblin.
You kill the hobgoblin!
A dart slug comes into view.
Your transformation is almost over.
There is an escape hatch in the floor here.
You see here a scroll labelled MOMNUSAMESCH.
You tentacle-slap the dart slug. You grab the dart slug.
You pierce the dart slug, but do no damage.
The dart slug is lightly wounded.
You constrict the dart slug. The dart slug bites you.
You tentacle-slap the dart slug but do no damage.
You pierce the dart slug.
You tentacle-slap the dart slug.
You kill the dart slug!
Your tentacle spike disappears.
b - a scroll labelled MOMNUSAMESCH A frilled lizard comes into view.
The frilled lizard hisses angrily.
A rat and an endoplasm come into view.
An endoplasm comes into view.
The frilled lizard attacks as you move away!
The frilled lizard completely misses you.
A hobgoblin and a ball python come into view.
The rat closely misses you.
The helpless endoplasm fails to defend itself.
You tentacle-slap the endoplasm but do no damage.
Your squeeze misses the endoplasm. The frilled lizard bites you.
The endoplasm misses you. The rat bites you.
You barely miss the endoplasm. Your squeeze misses the endoplasm.
The frilled lizard bites you.
* * * LOW HITPOINT WARNING * * *
The endoplasm freezes you.
You are frozen.
You die...

+....... #.....J
...... .....#######
#.....# ..........#
#.....# #........#
#.....####........#
#.....##....l.....#
#.....##....r@J...#
#...........#######
#...............
####................
#.........P..........
#........~P....##...g
#........P.####.....S
#....>.P###..PPP.....
#.....### ~.~..P##


You could see an endoplasm, a frilled lizard and a rat.

Vanquished Creatures
  A dart slug (D:1)
  2 hobgoblins (D:1)
3 creatures vanquished.

Notes
Turn   | Place    | Note
-------+----------+-------------------------------------------
     0 | D:1      | fingers the Octopode Transmuter began the quest for the
                  | Orb.
     0 | D:1      | Reached XP level 1. HP: 13/13 MP: 3/3
    48 | D:1      | Frozen to death by an endoplasm

Illustrated notes

Levels and vault maps discovered:
D:1:      scummos_arrival_simple_crosswalls, layout_basic,
          shapermc_ecumenical_altar_mp_ritualfount

Action                   || total
-------------------------++-------
Melee: Unarmed           ||     7
       Kick              ||     3
       Constrict         ||     2
       Punch             ||     1
       Tentacles         ||     1
 Cast: Beastly Appendage ||     1
 Stab: Sleeping          ||     1
Dodge: Dodged            ||     3

Table legend: (Time is in decaauts)
 A = Elapsed time spent in this place.
 B = Non-inter-level travel time spent in this place.
 C = Inter-level travel time spent in this place.
 D = Time resting spent in this place.
 E = Time spent auto-exploring this place.
 F = Levels seen in this place.
 G = Mean time per level.
                   A        B        C        D        E       F      G
               +--------+--------+--------+--------+--------+-----+--------+
         Total |     47 |     47 |      0 |      0 |      0 |   1 |   47.0 |
       Dungeon |     47 |     47 |      0 |      0 |      0 |   1 |   47.0 |
               +--------+--------+--------+--------+--------+-----+--------+

Top non-repeatable levels by time:
     D:1: 47 daAuts
